 Dungeon Crawl Stone Soup version 0.31-a0-1343-gcd514f47d3 (webtiles) character file.

Game seed: 17918646135205550120

576 Amplified the Covered (level 7, -6/60 HPs)
             Began as a Minotaur Alchemist on Dec 22, 2023.
             Was an Initiate of Makhleb.
             Mangled by an ogre
             ... wielding a +0 giant club
              (15 damage)
             ... on level 4 of the Dungeon.
             The game lasted 00:05:01 (3485 turns).

Amplified the Covered (Minotaur Alchemist)          Turns: 3485, Time: 00:05:02

Health: -6/60      AC: 10    Str: 14    XL:     7   Next: 13%
Magic:  16/16      EV:  7    Int: 11    God:    Makhleb [......]
Gold:   276        SH:  0    Dex: 14    Spells: 7/8 levels left

rFire   . . .        l - +0 hand axe
rCold   . . .        (no shield)
rNeg    . . .        d - +0 chain mail
rPois   .            (helmet restricted)
rElec   .            (no cloak)
rCorr   .            k - +0 pair of gloves
SInv    .            (no boots)
Will    .....        (no amulet) Stlth
                     j - ring of magical power
HPRegen 0.30/turn    (no ring)
MPRegen 0.15/turn

%: no passive effects
@: about to teleport
A: horns 2, retaliatory headbutt, hooves 1, agile 1, low MP 1, inability to read
after injury 1
a: Renounce Religion


You were on level 4 of the Dungeon.
You worshipped Makhleb.
Makhleb was noncommittal.
You visited 2 branches of the dungeon, and saw 6 of its levels.

You collected 276 gold pieces.

Inventory:

Hand Weapons
 l - a +0 hand axe (weapon)
Missiles
 f - 4 silver javelins (quivered)
Armour
 d - a +0 chain mail (worn)
 k - a +0 pair of gloves (worn)
Jewellery
 j - a ring of magical power (left hand)
Wands
 n - a wand of flame (23)
Scrolls
 a - 2 scrolls of vulnerability {unknown}
 h - a scroll of brand weapon {unknown}
 o - a scroll of revelation {unknown}
 q - 3 scrolls of identify {unknown}
 s - a scroll of blinking {unknown}
Potions
 b - a potion of magic
 i - a potion of attraction


   Skills:
 * Level 4.5 Fighting
 * Level 3.6 Axes
 * Level 3.6 Throwing
 * Level 4.5 Armour
 - Level 2.1 Dodging
 - Level 1.5 Stealth
 - Level 1.3 Spellcasting
 - Level 0.6 Conjurations
 - Level 2.1 Alchemy


You had 7 spell levels left.
You knew the following spells:

 Your Spells              Type           Power      Damage    Failure   Level
a - Sting                 Conj/Alch      12%        1d3       95%         1

Your spell library contained the following spells:

 Spells                   Type           Power      Damage    Failure   Level
 Mercury Vapours          Alch/Air       6%         N/A       99%         2
 Mephitic Cloud           Conj/Alch/Air  2%         N/A       100%        3
 Olgreb's Toxic Radiance  Alch           5%         N/A       100%        4
 Sticky Flame             Fire/Alch      3%         2d4       100%        4


Dungeon Overview and Level Annotations

Branches:
Dungeon (5/15)             Temple (1/1) D:4

Altars:
Ashenzari
Cheibriados
Elyvilon
Gozag
Kikubaaqudgha
Makhleb
Nemelex Xobeh
Okawaru
Sif Muna
Trog
Vehumet
Xom
Yredelemnul
The Shining One

Annotations:
D:4 1 runed translucent door, koorschki's ghost, amateur DsFi


Innate Abilities, Weirdness & Mutations

You have a pair of horns on your head.
You reflexively headbutt those who attack you in melee.
You have large cloven feet.
You are agile. (Dex +4, Str/Int -1)
Your magical capacity is low. (-10% MP)
You occasionally lose the ability to read scrolls when taking damage.


Message History

Unknown command.
Unknown command.
The centaur shoots an arrow.
The arrow barely misses you. The scorpion attacks as it pursues you!
The scorpion stings you.
* * * LOW HITPOINT WARNING * * *
Unknown command.
Unknown command.
The orc priest mumbles some strange prayers to Beogh against you.
Beogh smites you!
* * * LOW HITPOINT WARNING * * *
You hear a shout!
Unknown command.
Unknown command.
Okay, then.
As you read the scroll of fear, it crumbles to dust.
You assume a fearsome visage.
The kobold looks frightened!
The scorpion looks frightened!
The centaur looks frightened!
The orc looks frightened!
The orc priest looks frightened!
Unknown command.
Unknown command.
The orc shouts!
The kobold throws a stone.
The stone closely misses you.
The kobold throws a stone.
The stone hits you but does no damage.
There is a stone staircase leading up, spattered with blood here.
You climb upwards.
Level annotation: 1 runed translucent door, koorschki's ghost, amateur DsFi
There is a stone staircase leading down here.
Unknown command.
As you read the scroll of fear, it crumbles to dust.
You assume a fearsome visage.
The scorpion looks frightened!
Unknown command.
Okay, then.
Okay, then.
Okay, then.
Okay, then.
Okay, then.
The ogre attacks as it pursues you! The ogre hits you but does no damage.
As you read the scroll of teleportation, it crumbles to dust.
You feel strangely unstable. The ogre hits you with a +0 giant club!
You die...

.# ###..####.#~~~~~~~~~#.# .#
##...##.#~~~###~~~#.# .#
###.##.##~##.##~##.## .#
###..#..#~~†_.#~'...# .#
#..)...##~##.##~##..# .#
####.#.#~~~###~~~#..#
###############...#~~~~~~~~~#..#
................O.#⌠~~###~~⌠#..#
..####.#.....###@.#####.#####..#
..# #.#.....# #...............#
..# #.#.....# #....s...###.##.#
..####.#.....########.#.###....#
.............'..............####
..####.#.....########.#.###.#
..# #..#.....### #.#.###.# (.#
#..#.......# #.#.....# ###
#..#.......# #.#####.#


You could see an ogre and a scorpion (fleeing).

Vanquished Creatures
  Grinder (D:4)
  Sigmund (D:4)
  2 orc wizards (D:4)
  7 adders
  3 gnolls (D:2)
  2 worms
  3 dart slugs
  4 orcs
  7 bats
  5 endoplasms
  2 giant cockroaches
  5 goblins
  4 hobgoblins (D:2)
  9 kobolds
  2 quokkas
  3 ball pythons
  6 frilled lizards
  2 rats (D:2)
68 creatures vanquished.

Notes
Turn   | Place    | Note
-------+----------+-------------------------------------------
     0 | D:1      | Amplified the Minotaur Alchemist began the quest for the
                  | Orb.
     0 | D:1      | Reached XP level 1. HP: 14/14 MP: 1/1
   293 | D:1      | Reached skill level 1 in Fighting
   293 | D:1      | Reached skill level 1 in Armour
   295 | D:1      | Reached XP level 2. HP: 23/23 MP: 3/3
   827 | D:2      | Reached skill level 1 in Throwing
   941 | D:2      | Reached XP level 3. HP: 24/29 MP: 4/4
  1075 | D:2      | Reached XP level 4. HP: 37/37 MP: 5/5
  1258 | D:2      | Found a shimmering altar of Xom.
  1697 | D:3      | Reached skill level 1 in Axes
  1889 | D:3      | Found a radiant altar of Vehumet.
  2297 | D:4      | Found a white marble altar of Elyvilon.
  2302 | D:4      | Noticed Grinder
  2324 | D:5      | Entered Level 5 of the Dungeon
  2324 | D:5      | Noticed a centaur
  2345 | D:4      | Reached XP level 5. HP: 45/45 MP: 6/6
  2355 | D:4      | Found a snail-covered altar of Cheibriados.
  2439 | D:4      | Found a staircase to the Ecumenical Temple.
  2463 | D:4      | Noticed Sigmund
  2474 | D:4      | Gained mutation: You occasionally lose the ability to read
                  | scrolls when taking damage. [potion of mutation]
  2474 | D:4      | Gained mutation: You are agile. (Dex +4, Str/Int -1)
                  | [potion of mutation]
  2474 | D:4      | Gained mutation: Your magical capacity is low. (-10% MP)
                  | [potion of mutation]
  2474 | D:4      | Gained mutation: You have large cloven feet. [potion of
                  | mutation]
  2498 | D:4      | Killed Sigmund
  2499 | D:4      | Reached XP level 6. HP: 52/52 MP: 6/6
  2853 | D:4      | Paralysed by Grinder for 4 turns
  2899 | D:4      | Killed Grinder
  2900 | D:4      | Reached XP level 7. HP: 46/60 MP: 7/7
  2965 | D:4      | Found a runed translucent door.
  2966 | D:4      | Noticed koorschki's ghost (amateur DsFi)
  3091 | D:4      | Identified the +2 robe "Unec" {rElec}
  3270 | Temple   | Entered the Ecumenical Temple
  3281 | Temple   | Became a worshipper of Makhleb the Destroyer
  3445 | D:5      | Found a shimmering blue altar of Sif Muna.
  3485 | D:4      | Mangled by an ogre

Illustrated notes

Levels and vault maps discovered:
D:1:      tekkud_arrival_beachfront_property, layout_loops_ring, minmay_ruptured
D:2:      layout_rooms, basic_altar
D:3:      layout_basic, vehumet_altar_wand_db
D:4:      layout_basic, cheibrodos_worm_habitat, mainiacjoe_overflow_brackets,
          minmay_temple_entry_purple_smoke, ebering_ghost_inner_flame,
          uniq_sigmund, uniq_grinder
D:5:      layout_rooms, mainiacjoe_overflow_tiny_flanked, marbit_many_paths,
          hangedman_decor_slide_cut
Temple:   hellmonk_temple_forest_ring

Skill      XL: |  1  2  3  4  5  6 |
---------------+-------------------+-----
Fighting       | 1 2 3 4 |  4.5
Armour         | 1 2 3 4 |  4.5
Throwing       | 1 2 3 |  3.6
Axes           | 1 2 3 |  3.6
Dodging        | |  2.1
Stealth        | |  1.5
Spellcasting   | |  1.3
Conjurations   | |  0.6
Alchemy        | |  2.1

Action                     |  1- 3 |  4- 6 |  7- 9 || total
---------------------------+-------+-------+-------++-------
  Melee: Unarmed           |    67 |       |       ||    67
         Headbutt          |    10 |    16 |     1 ||    27
         Hand axe          |     9 |   109 |    11 ||   129
         Kick              |       |     6 |     1 ||     7
  Throw: Javelin           |     3 |    11 |     1 ||    15
    Use: Potion            |     1 |     5 |       ||     6
         Scroll            |       |     3 |     4 ||     7
 Armour: Chain mail        |    73 |    91 |    29 ||   193
         Skin              |       |    14 |       ||    14
  Dodge: Dodged            |    39 |    32 |    12 ||    83

Table legend: (Time is in decaauts)
 A = Elapsed time spent in this place.
 B = Non-inter-level travel time spent in this place.
 C = Inter-level travel time spent in this place.
 D = Time resting spent in this place.
 E = Time spent auto-exploring this place.
 F = Levels seen in this place.
 G = Mean time per level.
                   A        B        C        D        E       F      G
               +--------+--------+--------+--------+--------+-----+--------+
         Total |   3530 |   3380 |    150 |    209 |   2409 |   6 |  588.3 |
       Dungeon |   3508 |   3369 |    139 |    209 |   2409 |   5 |  701.6 |
        Temple |     22 |     11 |     11 |      0 |      0 |   1 |   22.0 |
               +--------+--------+--------+--------+--------+-----+--------+

Top non-repeatable levels by time:
     D:4: 1108 daAuts
     D:1: 823 daAuts
     D:3: 772 daAuts
     D:2: 652 daAuts
     D:5: 151 daAuts
  Temple: 22 daAuts
